 Dungeon Crawl Stone Soup version 0.29-a0-275-g389c0b56f3 (webtiles) character file.

Game seed: 3318643637525625646

9697 sanka the Thaumaturge (level 11, -1/86 HPs)
             Began as a Gnoll Wanderer on Mar 9, 2022.
             Was an Initiate of Gozag.
             Slain by a skeletal warrior
             ... wielding a +0 dire flail
              (24 damage)
             ... on level 9 of the Dungeon.
             The game lasted 00:23:21 (10955 turns).

sanka the Thaumaturge (Gnoll Wanderer)             Turns: 10955, Time: 00:23:22

Health: -1/86      AC: 22    Str: 18    XL:     11   Next: 50%
Magic:  24/24      EV:  9    Int: 14    God:    Gozag
Gold:   1713       SH:  5    Dex: 13    Spells: 28/29 levels left

rFire   + + .      SeeInvis .   E - +9 hand axe of Internal Strife {spect, rPois Str+6}
rCold   . . .      Faith    .   i - +0 buckler
rNeg    . . .      Spirit   .   u - +6 chain mail "Wotemife" {rPois rF+}
rPois   +          Reflect  .   c - +0 helmet
rElec   .          Harm     .   G - +1 cloak {Stlth+}
rCorr   .          Rampage  .   B - +0 pair of gloves
Will    +....                   O - +0 pair of boots
Stlth   +.........              e - amulet of regeneration
HPRegen 1.04/turn               L - ring of protection from fire
MPRegen 0.19/turn               k - ring of willpower

@: no status effects
A: fangs 1, strong nose, distributed training
a: Renounce Religion, Potion Petition, Call Merchant, Bribe Branch


You were on level 9 of the Dungeon.
You worshipped Gozag.
Gozag was most pleased with you.
You visited 1 branch of the dungeon, and saw 10 of its levels.
You also visited: Sewer.

You collected 2334 gold pieces.
You spent 621 gold pieces at shops.


Innate Abilities, Weirdness & Mutations

You have very sharp teeth.
Your uncanny sense of smell can sniff out nearby items.
Your experience applies equally to all skills.


   Skills:
 + Level 7.9 Fighting
 + Level 6.3 Short Blades
 + Level 6.3 Long Blades
 + Level 6.3 Axes
 + Level 6.3 Maces & Flails
 + Level 6.3 Polearms
 + Level 6.3 Staves
 + Level 6.3 Slings
 + Level 6.3 Bows
 + Level 6.3 Crossbows
 + Level 6.9 Throwing
 + Level 6.3 Armour
 + Level 6.3 Dodging
 + Level 6.8 Stealth
 + Level 6.9 Shields
 + Level 6.3 Unarmed Combat
 + Level 9.6 Spellcasting
 + Level 5.2 Conjurations
 + Level 5.2 Hexes
 + Level 5.2 Summonings
 + Level 5.2 Necromancy
 + Level 5.2 Translocations
 + Level 5.2 Transmutations
 + Level 5.2 Fire Magic
 + Level 5.2 Ice Magic
 + Level 5.2 Air Magic
 + Level 5.2 Earth Magic
 + Level 5.2 Poison Magic
 + Level 7.5 Invocations
 + Level 6.3 Evocations


You had 28 spell levels left.
You knew the following spells:

 Your Spells              Type           Power      Damage    Failure   Level
z - Shock                 Conj/Air       84%        1d8       17%         1

Your spell library contained the following spells:

 Spells                   Type           Power      Damage    Failure   Level
 Magic Dart               Conj           84%        1d7       17%         1
 Corpse Rot               Necr/Air       42%        N/A       26%         2
 Poisonous Vapours        Pois/Air       42%        N/A       26%         2
 Sublimation of Blood     Necr           21%        N/A       26%         2
 Ignite Poison            Fire/Tmut/Pois 21%        N/A       45%         3
 Swiftness                Air            21%        N/A       45%         3
 Teleport Other           Tloc           21%        N/A       45%         3
 Airstrike                Air            10%        N/A       86%         4
 Petrify                  Tmut/Erth      21%        N/A       86%         4
 Irradiate                Conj/Tmut      10%        3d16      99%         5

Inventory:

Hand Weapons
 a - a +0 dagger
 b - the +4 long sword of Shrieking Terror {drain, rPois} A truly terrible weapon, it drains the life of any living foe it strikes. rPois: It protects you from poison.
 m - a +2 halberd of protection
 x - a +0 broad axe
 y - a +0 morningstar
 C - a +0 lajatang of chaos
 E - the +9 hand axe of Internal Strife (weapon) {spect, rPois Str+6} When its wielder attacks, the weapon's spirit leaps out and strikes again. The spirit shares a part of any damage it takes with its wielder. Str: It affects your strength (+6). rPois: It protects you from poison.
Missiles
 h - 2 silver javelins
 I - a curare-tipped dart {=f}
Armour
 c - a +0 helmet (worn)
 i - a +0 buckler (worn)
 u - the +6 chain mail "Wotemife" (worn) {rPois rF+} rF: It protects you from fire. rPois: It protects you from poison.
 B - a +0 pair of gloves (worn)
 G - a +1 cloak of stealth (worn)
 H - a +2 robe of resistance
 O - a +0 pair of boots (worn)
Jewellery
 e - an amulet of regeneration (around neck)
 k - a ring of willpower (right hand)
 L - a ring of protection from fire (left hand)
 Q - a ring of ice
Wands
 w - a wand of flame (34)
 D - a wand of mindburst (15)
 M - a wand of polymorph (5)
Scrolls
 d - 3 scrolls of fog
 j - 2 scrolls of immolation {!r}
 l - 2 scrolls of holy word
 n - 4 scrolls of enchant weapon
 o - 3 scrolls of teleportation {@r4}
 p - 4 scrolls of blinking
 t - 2 scrolls of noise {!r}
 z - a scroll of magic mapping
 A - 4 scrolls of summoning
 J - a scroll of vulnerability {!r}
Potions
 f - a potion of mutation {!q}
 g - 2 potions of curing {@q1}
 q - a potion of resistance
 r - a potion of brilliance
 s - a potion of flight
 v - 2 potions of lignification {!q}
 F - 2 potions of attraction {unknown}
 K - a potion of haste {@q3}
 N - a potion of invisibility
 P - a potion of heal wounds {unknown}

Dungeon Overview and Level Annotations

Branches:
Dungeon (10/15)            Temple (0/1) D:7            Lair (0/6) D:9
  Sewer (visited)
    Orc: D:9-12

Altars:
Dithmenos
Elyvilon
Gozag
Hepliaklqana
Makhleb
Nemelex Xobeh
Okawaru

Shops:
D:3 *   D:6 ?   D:8 [   D:10 [

Annotations:
D:6 1 runed translucent door
D:9 1 runed translucent door

▒.▒ ▒.▒ ▒.▒▒▒▒
▒.▒▒▒▒▒.▒ ▒.>..▒
▒.......▒ ▒▒▒▒.▒
▒▒▒▒.▒▒▒▒ ▒.▒ ▒.▒
▒▒▒ ▒.▒ ▒.▒▒▒.▒▒
▒.▒ ▒.▒▒.▒.▒▒ ▒.▒
▒z▒.▒▒▒.▒▒ ▒..
▒.g▒▒▒▒▒.▒▒▒▒▒▒▒▒▒▒
▒..................
▒▒.▒▒▒▒▒.▒▒▒▒▒▒▒▒▒▒
▒▒.▒▒▒.▒▒ ▒▒.▒.▒▒
▒▒.▒▒ ▒▒▒


You could see a skeletal warrior.


Message History

The skeletal warrior attacks as you move away!
You block the skeletal warrior's attack.
The skeletal warrior hits you with a +0 dire flail!
The skeletal warrior completely misses you.
The skeletal warrior attacks as you move away!
The skeletal warrior hits you but does no damage.
The wizard shouts, "You are history!"
The skeletal warrior attacks as you move away!
The skeletal warrior hits you with a +0 dire flail!!
* * * LOW HITPOINT WARNING * * *
The skeletal warrior attacks as you move away!
The skeletal warrior hits you with a +0 dire flail.
* * * LOW HITPOINT WARNING * * *
The wizard mumbles some strange words.
The wizard flickers and vanishes!
Unknown command.
The skeletal warrior attacks as you move away!
The skeletal warrior closely misses you.
The skeletal warrior attacks as you move away!
The skeletal warrior hits you with a +0 dire flail!
* * * LOW HITPOINT WARNING * * *
The skeletal warrior attacks as you move away!
You block the skeletal warrior's attack.
The skeletal warrior attacks as you move away!
The skeletal warrior hits you with a +0 dire flail!
* * * LOW HITPOINT WARNING * * *
The skeletal warrior attacks as you move away!
The skeletal warrior hits you with a +0 dire flail!!
You die...
Your body crumbles into a pile of gold.

Action                   |  1- 3 |  4- 6 |  7- 9 | 10-12 || total
-------------------------+-------+-------+-------+-------++-------
Melee: Flail             |    34 |       |       |       ||    34
       Dagger            |     8 |       |       |       ||     8
       Long sword        |     9 |    99 |   342 |    44 ||   494
       Bite              |     1 |     6 |    33 |    23 ||    63
       Hand axe          |       |       |       |   157 ||   157
 Cast: Shock             |    27 |    80 |    35 |       ||   142
Evoke: Wand              |       |       |       |     3 ||     3
  Use: Scroll            |       |       |     9 |     9 ||    18
       Potion            |       |       |       |     3 ||     3
 Stab: Sleeping          |     1 |     3 |     1 |       ||     5
       Distracted        |       |       |     1 |     4 ||     5
Armor: Robe              |    19 |     8 |     1 |       ||    28
       Chain mail        |       |       |   284 |   119 ||   403
Dodge: Dodged            |    40 |    50 |    94 |    56 ||   240
Block: Buckler           |     5 |    19 |    89 |    48 ||   161

Levels and vault maps discovered:
D:1:      mrwooster_arrival_statue_3, layout_basic, basic_ecumenical_altar
D:2:      minmay_chambers_of_ones, layout_basic, minmay_pentomino_pile,
          uniq_natasha, uniq_jessica
D:3:      layout_rooms, serial_shops, shop, minmay_three_crescents
D:4:      layout_loops_corners, overflow_temple_1_default
D:5:      minmay_inner_zag, layout_cave_pods, kennysheep_flooded_box,
          serial_park_tiny_1, abandoned_shop, kennysheep_generic_room_13
D:6:      layout_cave_pools, makhleb_altar_promises_db, ebering_ghost_sewer_f,
          serial_shops, nicolae_shop_window_shopping,
          cheibrodos_sewer_entry_drain, chequers_avenue, minmay_fountain_box,
          kennysheep_generic_room_14
D:7:      layout_gridville, temple_pool_b, uniq_crazy_yiuf_cottage
D:8:      nicolae_cairo_tiling, layout_basic, serial_shops,
          nicolae_shop_hallway_stairs
D:9:      minmay_gate_of_8, layout_loops_ring, nemelex_spade_bored_becter,
          lemuel_doored_altar, mainiacjoe_overflow_surrounded_room,
          dpeg_oklobed_lair, hellmonk_ghost_happy_afterlife
D:10:     minmay_curly_fans, layout_rooms, worldfamousw_hep_ancestral_shrine,
          serial_shops, nicolae_shop_trees, uniq_fannar

Notes
Turn   | Place    | Note
-------+----------+-------------------------------------------
     0 | D:1      | sanka the Gnoll Wanderer began the quest for the Orb.
     0 | D:1      | sanka set off with the following items: a +0 dagger, a +0
                  | buckler, a +0 robe, 2 scrolls of fog; and the following
                  | spells available to memorise: Magic Dart, Shock, Ignite
                  | Poison, Teleport Other
     0 | D:1      | Reached XP level 1. HP: 20/20 MP: 8/8
   159 | D:1      | Learned a level 1 spell: Shock
   606 | D:1      | Reached XP level 2. HP: 26/26 MP: 8/10
   666 | D:1      | Found a faded altar of an unknown god.
   697 | D:1      | Prayed at the altar of an unknown god.
   697 | D:1      | Became a worshipper of Gozag Ym Sagoz the Greedy
  1178 | D:2      | Reached XP level 3. HP: 31/31 MP: 7/11
  1296 | D:2      | HP: 3/31 [poisoned by an adder]
  1583 | D:2      | Identified the +4 long sword of Shrieking Terror {drain,
                  | rPois}
  1845 | D:2      | Reached skill level 1 in Short Blades
  1845 | D:2      | Reached skill level 1 in Long Blades
  1845 | D:2      | Reached skill level 1 in Axes
  1845 | D:2      | Reached skill level 1 in Maces & Flails
  1845 | D:2      | Reached skill level 1 in Polearms
  1845 | D:2      | Reached skill level 1 in Staves
  1845 | D:2      | Reached skill level 1 in Slings
  1845 | D:2      | Reached skill level 1 in Bows
  1845 | D:2      | Reached skill level 1 in Crossbows
  1845 | D:2      | Reached skill level 1 in Armour
  1845 | D:2      | Reached skill level 1 in Dodging
  1845 | D:2      | Reached skill level 1 in Unarmed Combat
  1845 | D:2      | Reached skill level 1 in Evocations
  1848 | D:2      | Reached XP level 4. HP: 31/38 MP: 13/13
  1889 | D:2      | Noticed Jessica
  1893 | D:2      | Killed Jessica
  1894 | D:2      | Reached skill level 1 in Conjurations
  1894 | D:2      | Reached skill level 1 in Hexes
  1894 | D:2      | Reached skill level 1 in Summonings
  1894 | D:2      | Reached skill level 1 in Necromancy
  1894 | D:2      | Reached skill level 1 in Translocations
  1894 | D:2      | Reached skill level 1 in Transmutations
  1894 | D:2      | Reached skill level 1 in Fire Magic
  1894 | D:2      | Reached skill level 1 in Ice Magic
  1894 | D:2      | Reached skill level 1 in Air Magic
  1894 | D:2      | Reached skill level 1 in Earth Magic
  1894 | D:2      | Reached skill level 1 in Poison Magic
  2297 | D:2      | Reached skill level 3 in Invocations
  2297 | D:2      | Reached XP level 5. HP: 40/43 MP: 10/14
  2363 | D:2      | Reached skill level 3 in Throwing
  2363 | D:2      | Reached skill level 3 in Shields
  2466 | D:2      | Noticed Natasha
  2477 | D:2      | Killed Natasha
  3105 | D:3      | Found Soemuogg's Assorted Antiques.
  3163 | D:3      | Reached XP level 6. HP: 50/50 MP: 14/16
  3317 | D:3      | Reached skill level 3 in Stealth
  3924 | D:4      | Reached skill level 5 in Fighting
  3924 | D:4      | Reached skill level 2 in Short Blades
  3924 | D:4      | Reached skill level 2 in Long Blades
  3924 | D:4      | Reached skill level 2 in Axes
  3924 | D:4      | Reached skill level 2 in Maces & Flails
  3924 | D:4      | Reached skill level 2 in Polearms
  3924 | D:4      | Reached skill level 2 in Staves
  3924 | D:4      | Reached skill level 2 in Slings
  3924 | D:4      | Reached skill level 2 in Bows
  3924 | D:4      | Reached skill level 2 in Crossbows
  3924 | D:4      | Reached skill level 2 in Armour
  3924 | D:4      | Reached skill level 2 in Dodging
  3924 | D:4      | Reached skill level 2 in Unarmed Combat
  3924 | D:4      | Reached skill level 2 in Evocations
  4092 | D:4      | Found an iron altar of Okawaru.
  4483 | D:5      | Entered Level 5 of the Dungeon
  4492 | D:5      | Reached XP level 7. HP: 52/56 MP: 15/18
  4594 | D:5      | Reached skill level 2 in Conjurations
  4594 | D:5      | Reached skill level 2 in Hexes
  4594 | D:5      | Reached skill level 2 in Summonings
  4594 | D:5      | Reached skill level 2 in Necromancy
  4594 | D:5      | Reached skill level 2 in Translocations
  4594 | D:5      | Reached skill level 2 in Transmutations
  4594 | D:5      | Reached skill level 2 in Fire Magic
  4594 | D:5      | Reached skill level 2 in Ice Magic
  4594 | D:5      | Reached skill level 2 in Air Magic
  4594 | D:5      | Reached skill level 2 in Earth Magic
  4594 | D:5      | Reached skill level 2 in Poison Magic
  4751 | D:5      | Reached skill level 4 in Invocations
  4992 | D:5      | Identified the +6 chain mail "Wotemife" {rPois rF+}
  5337 | D:5      | Found a white marble altar of Elyvilon.
  5382 | D:5      | Reached XP level 8. HP: 63/63 MP: 19/19
  5406 | D:5      | Reached skill level 3 in Short Blades
  5406 | D:5      | Reached skill level 3 in Long Blades
  5406 | D:5      | Reached skill level 3 in Axes
  5406 | D:5      | Reached skill level 3 in Maces & Flails
  5406 | D:5      | Reached skill level 3 in Polearms
  5406 | D:5      | Reached skill level 3 in Staves
  5406 | D:5      | Reached skill level 3 in Slings
  5406 | D:5      | Reached skill level 3 in Bows
  5406 | D:5      | Reached skill level 3 in Crossbows
  5406 | D:5      | Reached skill level 4 in Throwing
  5406 | D:5      | Reached skill level 3 in Armour
  5406 | D:5      | Reached skill level 3 in Dodging
  5406 | D:5      | Reached skill level 4 in Shields
  5406 | D:5      | Reached skill level 3 in Unarmed Combat
  5406 | D:5      | Reached skill level 3 in Evocations
  5485 | D:5      | Reached skill level 4 in Stealth
  5957 | D:6      | Found Niorutto's Magic Scroll Emporium.
  5960 | D:6      | Bought a scroll of identify for 30 gold pieces
  5960 | D:6      | Bought a scroll of magic mapping for 52 gold pieces
  5960 | D:6      | Bought a scroll of teleportation for 45 gold pieces
  5960 | D:6      | Bought a scroll of immolation for 52 gold pieces
  6003 | D:6      | Noticed a troll
  6022 | D:6      | Killed a troll
  6023 | D:6      | Reached skill level 8 in Spellcasting
  6048 | D:6      | Found a runed translucent door.
  6052 | D:6      | Noticed feelmyfire's ghost (novice DgTm)
  6065 | D:6      | Reached skill level 3 in Conjurations
  6065 | D:6      | Reached skill level 3 in Hexes
  6065 | D:6      | Reached skill level 3 in Summonings
  6065 | D:6      | Reached skill level 3 in Necromancy
  6065 | D:6      | Reached skill level 3 in Translocations
  6065 | D:6      | Reached skill level 3 in Transmutations
  6065 | D:6      | Reached skill level 3 in Fire Magic
  6065 | D:6      | Reached skill level 3 in Ice Magic
  6065 | D:6      | Reached skill level 3 in Air Magic
  6065 | D:6      | Reached skill level 3 in Earth Magic
  6065 | D:6      | Reached skill level 3 in Poison Magic
  6109 | D:6      | Killed feelmyfire's ghost
  6110 | D:6      | Reached skill level 6 in Fighting
  6110 | D:6      | Reached skill level 4 in Short Blades
  6110 | D:6      | Reached skill level 4 in Long Blades
  6110 | D:6      | Reached skill level 4 in Axes
  6110 | D:6      | Reached skill level 4 in Maces & Flails
  6110 | D:6      | Reached skill level 4 in Polearms
  6110 | D:6      | Reached skill level 4 in Staves
  6110 | D:6      | Reached skill level 4 in Slings
  6110 | D:6      | Reached skill level 4 in Bows
  6110 | D:6      | Reached skill level 4 in Crossbows
  6110 | D:6      | Reached skill level 4 in Armour
  6110 | D:6      | Reached skill level 4 in Dodging
  6110 | D:6      | Reached skill level 4 in Unarmed Combat
  6110 | D:6      | Reached skill level 5 in Invocations
  6110 | D:6      | Reached skill level 4 in Evocations
  6110 | D:6      | Reached XP level 9. HP: 10/69 MP: 21/21
  6125 | D:6      | Found a runed translucent door.
  6235 | D:6      | Reached skill level 5 in Throwing
  6235 | D:6      | Reached skill level 5 in Shields
  6280 | D:6      | Found a burning altar of Makhleb.
  6280 | D:6      | Noticed an Executioner
  6405 | D:6      | Found a glowing drain.
  6414 | Sewer    | Entered a sewer
  6423 | Sewer    | Reached skill level 5 in Stealth
  7081 | D:6      | Reached XP level 10. HP: 49/77 MP: 22/22
  7412 | D:6      | Bought a scroll of brand weapon for 300 gold pieces
  7412 | D:6      | Bought a scroll of identify for 30 gold pieces
  7412 | D:6      | Identified a potion of resistance
  7464 | D:7      | Found a staircase to the Ecumenical Temple.
  7483 | D:7      | Reached skill level 4 in Conjurations
  7483 | D:7      | Reached skill level 4 in Hexes
  7483 | D:7      | Reached skill level 4 in Summonings
  7483 | D:7      | Reached skill level 4 in Necromancy
  7483 | D:7      | Reached skill level 4 in Translocations
  7483 | D:7      | Reached skill level 4 in Transmutations
  7483 | D:7      | Reached skill level 4 in Fire Magic
  7483 | D:7      | Reached skill level 4 in Ice Magic
  7483 | D:7      | Reached skill level 4 in Air Magic
  7483 | D:7      | Reached skill level 4 in Earth Magic
  7483 | D:7      | Reached skill level 4 in Poison Magic
  7503 | D:7      | Reached skill level 6 in Invocations
  7567 | D:7      | Reached skill level 5 in Short Blades
  7567 | D:7      | Reached skill level 5 in Long Blades
  7567 | D:7      | Reached skill level 5 in Axes
  7567 | D:7      | Reached skill level 5 in Maces & Flails
  7567 | D:7      | Reached skill level 5 in Polearms
  7567 | D:7      | Reached skill level 5 in Staves
  7567 | D:7      | Reached skill level 5 in Slings
  7567 | D:7      | Reached skill level 5 in Bows
  7567 | D:7      | Reached skill level 5 in Crossbows
  7567 | D:7      | Reached skill level 5 in Armour
  7567 | D:7      | Reached skill level 5 in Dodging
  7567 | D:7      | Reached skill level 5 in Unarmed Combat
  7567 | D:7      | Reached skill level 5 in Evocations
  7887 | D:7      | Identified the +9 hand axe of Internal Strife {spect, rPois
                  | Str+6}
  8079 | D:7      | Found a runed translucent door.
  8080 | D:7      | Noticed Crazy Yiuf
  8291 | D:7      | Killed Crazy Yiuf
  8387 | D:8      | Reached skill level 7 in Fighting
  8396 | D:8      | Found Bocab's Armour Shoppe.
  8401 | D:8      | Bought a +0 helmet for 49 gold pieces
  8438 | D:8      | Identified a +2 robe of resistance
  8447 | D:8      | Reached skill level 9 in Spellcasting
  8955 | D:8      | Reached skill level 6 in Throwing
  8955 | D:8      | Reached skill level 6 in Shields
  9401 | D:9      | Reached skill level 6 in Stealth
  9419 | D:9      | Noticed RNPValinor's ghost (journeyman VSFi)
  9421 | D:9      | Found a runed translucent door.
  9450 | D:9      | Found a sparkling altar of Nemelex Xobeh.
  9581 | D:9      | Killed RNPValinor's ghost
  9613 | D:9      | Identified the +6 chain mail of Casch {Int+2}
  9762 | D:9      | Found a staircase to the Lair.
  9777 | D:9      | Found a shadowy altar of Dithmenos.
  9798 | D:9      | Killed an unseen horror
  9799 | D:9      | Reached XP level 11. HP: 84/84 MP: 24/24
  9832 | D:9      | Found an opulent altar of Gozag.
 10114 | D:9      | Reached skill level 7 in Invocations
 10147 | D:9      | Noticed a five-headed hydra
 10147 | D:9      | Noticed a tengu warrior
 10147 | D:9      | Found the +7 sceptre of Torment {pain, torment}
 10148 | D:9      | Noticed a green very ugly thing
 10148 | D:9      | Found a runed translucent door.
 10150 | D:9      | Noticed a manticore
 10150 | D:9      | Noticed a deep elf pyromancer
 10150 | D:9      | Noticed a cyclops
 10222 | D:9      | Noticed an orb spider
 10273 | D:10     | Entered Level 10 of the Dungeon
 10317 | D:10     | Found a hazy altar of Hepliaklqana.
 10396 | D:10     | Found Vutarr's Armour Boutique.
 10405 | D:10     | Bought a +0 pair of boots for 63 gold pieces
 10433 | D:10     | Noticed Fannar
 10437 | D:10     | Reached skill level 6 in Short Blades
 10437 | D:10     | Reached skill level 6 in Long Blades
 10437 | D:10     | Reached skill level 6 in Axes
 10437 | D:10     | Reached skill level 6 in Maces & Flails
 10437 | D:10     | Reached skill level 6 in Polearms
 10437 | D:10     | Reached skill level 6 in Staves
 10437 | D:10     | Reached skill level 6 in Slings
 10437 | D:10     | Reached skill level 6 in Bows
 10437 | D:10     | Reached skill level 6 in Crossbows
 10437 | D:10     | Reached skill level 6 in Armour
 10437 | D:10     | Reached skill level 6 in Dodging
 10437 | D:10     | Reached skill level 6 in Unarmed Combat
 10437 | D:10     | Reached skill level 6 in Evocations
 10440 | D:10     | Reached skill level 5 in Conjurations
 10440 | D:10     | Reached skill level 5 in Hexes
 10440 | D:10     | Reached skill level 5 in Summonings
 10440 | D:10     | Reached skill level 5 in Necromancy
 10440 | D:10     | Reached skill level 5 in Translocations
 10440 | D:10     | Reached skill level 5 in Transmutations
 10440 | D:10     | Reached skill level 5 in Fire Magic
 10440 | D:10     | Reached skill level 5 in Ice Magic
 10440 | D:10     | Reached skill level 5 in Air Magic
 10440 | D:10     | Reached skill level 5 in Earth Magic
 10440 | D:10     | Reached skill level 5 in Poison Magic
 10443 | D:10     | HP: 5/85 [Fannar/refrigeration (28)]
 10443 | D:10     | HP: 2/85 [Fannar/+0 quarterstaff of freezing (3)]
 10446 | D:10     | Noticed a tengu warrior
 10535 | D:10     | Killed Fannar
 10598 | D:10     | Killed a tengu warrior
 10745 | D:10     | Noticed a skeletal warrior
 10905 | D:10     | Noticed a skeletal warrior
 10905 | D:10     | Noticed a wizard
 10955 | D:9      | Slain by a skeletal warrior

Vanquished Creatures
  Fannar (D:10)
  The ghost of RNPValinor the Spear-Bearer, a journeyman VSFi of the Shining One (D:9)
  A tengu warrior (D:10)
  The ghost of feelmyfire the Insei, a novice DgTm (D:6)
  An unseen horror (D:9)
  A hornet (D:9)
  3 trolls
  A wyvern (D:8)
  A vampire (D:10)
  2 wraiths
  9 yaks
  6 vampire mosquitoes (D:10)
  A water moccasin (D:5)
  An acid dragon (D:10)
  2 orc warriors
  An ice beast (D:7)
  A sky beast (D:7)
  A black bear (D:6)
  A centaur (D:6)
  A phantom (D:7)
  3 kobold brigands
  2 necrophages
  4 scorpions
  7 bullfrogs
  10 wights
  2 howler monkeys
  Crazy Yiuf (D:7)
  5 hounds
  7 jellies
  5 orc priests
  Jessica (D:2)
  Natasha (D:2)
  6 iguanas
  7 orc wizards
  7 gnolls
  A river rat (D:6)
  22 adders
  3 white imps
  5 worms
  3 dart slugs
  24 orcs
  14 ball pythons
  5 bats
  11 endoplasms
  12 giant cockroaches
  5 goblins
  9 hobgoblins
  6 jackals
  27 kobolds
  5 quokkas (Sewer)
  14 frilled lizards
  2 rats (D:2)
273 creatures vanquished.

Vanquished Creatures (others)
  A fungus (D:9)
1 creature vanquished.

Grand Total: 274 creatures vanquished
